 Seeded DCSS version 0.31-a0-7-g51783674b7 (webtiles) character file.

Game seed: 20230505 (custom seed)

12 sircluck the Trooper (level 2, 0/27 HPs)
             Began as a Hill Orc Fighter on May 5, 2023.
             Slain by a frilled lizard (2 damage)
             ... on level 1 of the Dungeon.
             The game lasted 00:00:21 (357 turns).

sircluck the Trooper (Hill Orc Fighter)              Turns: 357, Time: 00:00:21

Health: 0/27       AC:  6    Str: 18    XL:     2   Next: 33%
Magic:  2/2        EV:  9    Int:  8    God:
Gold:   11         SH:  4    Dex: 10    Spells: 1/1 levels left

rFire   . . .        a - +0 war axe
rCold   . . .        c - +0 buckler
rNeg    . . .        b - +0 scale mail
rPois   .            (no helmet)
rElec   .            (no cloak)
rCorr   .            (no gloves)
SInv    .            (no boots)
Will    .....        (no amulet) Stlth
                     (no ring)
HPRegen 0.24/turn    (no ring)
MPRegen 0.08/turn

%: no passive effects
@: no status effects
A: no striking features
a: no special abilities


You were on level 1 of the Dungeon.
You visited 1 branch of the dungeon, and saw 1 of its levels.

You collected 11 gold pieces.

Inventory:

Hand Weapons
 a - a +0 war axe (weapon)
Armour
 b - a +0 scale mail (worn)
 c - a +0 buckler (worn)
Jewellery
 i - a ring of protection from cold
Scrolls
 e - 2 scrolls of identify {unknown}
 f - a scroll of poison {unknown}
 h - a scroll of fog {unknown}
Potions
 d - 2 potions of might
 g - a potion of invisibility {unknown}


   Skills:
 + Level 3.9 Fighting
 + Level 2.9 Axes
 + Level 3.5 Armour
 + Level 3.5 Shields


You had one spell level left.
You didn't know any spells.
Your spell library was empty.

Dungeon Overview and Level Annotations

Branches:
Dungeon (1/15)

Altars:


Message History

The frilled lizard bites you but does no damage.
The bat hits you but does no damage. The bat completely misses you.
The giant cockroach closely misses you.
The frilled lizard bites you but does no damage.
The bat closely misses you.
The giant cockroach bites you but does no damage.
The frilled lizard bites you but does no damage.
The bat barely misses you.
The giant cockroach bites you but does no damage.
The frilled lizard barely misses you. The giant cockroach bites you.
* * * LOW HITPOINT WARNING * * *
You block the bat's attack.
The frilled lizard bites you but does no damage.
The bat barely misses you. The giant cockroach misses you.
You block the giant cockroach's attack. You block the frilled lizard's attack.
The giant cockroach bites you.
* * * LOW HITPOINT WARNING * * *
The frilled lizard closely misses you. You block the bat's attack.
The bat barely misses you.
The giant cockroach bites you but does no damage.
The frilled lizard barely misses you. The bat hits you but does no damage.
You block the giant cockroach's attack.
The frilled lizard bites you but does no damage.
The bat hits you but does no damage.
The giant cockroach bites you but does no damage.
You block the frilled lizard's attack. You block the giant cockroach's attack.
You block the bat's attack. The giant cockroach barely misses you.
The frilled lizard bites you.
* * * LOW HITPOINT WARNING * * *
The bat hits you but does no damage. The bat hits you.
* * * LOW HITPOINT WARNING * * *
The giant cockroach bites you.
* * * LOW HITPOINT WARNING * * *
The frilled lizard closely misses you. The giant cockroach barely misses you.
You block the frilled lizard's attack. You block the bat's attack.
The giant cockroach bites you but does no damage.
The frilled lizard bites you.
You die...

#################
........##.....#
#.......#.....#
#.......#.....########
#...).b.......+.......
.#...B@........########
......l.................
................###.....
...........#....# #.....
...##..###.#....####....
.. #.. #...........#.# .
#.. #.........#.#.. ...
...........#.### ##.
###.........#.#


You could see a giant cockroach, a bat and a frilled lizard.

Vanquished Creatures
  A bat (D:1)
  3 endoplasms (D:1)
  3 hobgoblins (D:1)
  3 kobolds (D:1)
  A rat (D:1)
11 creatures vanquished.

Notes
Turn   | Place    | Note
-------+----------+-------------------------------------------
     0 | D:1      | sircluck the Hill Orc Fighter began the quest for the Orb.
     0 | D:1      | Reached XP level 1. HP: 19/19 MP: 1/1
   210 | D:1      | Reached XP level 2. HP: 26/27 MP: 2/2
   355 | D:1      | HP: 1/27 [giant cockroach (1)]
   357 | D:1      | Slain by a frilled lizard

Illustrated notes

Levels and vault maps discovered:
D:1:      dpeg_arrival_circle_labyrinth_c, layout_basic

Action                     || total
---------------------------++-------
  Melee: War axe           ||    27
 Armour: Scale mail        ||    91
  Dodge: Dodged            ||    85
  Block: Buckler           ||    53

Table legend: (Time is in decaauts)
 A = Elapsed time spent in this place.
 B = Non-inter-level travel time spent in this place.
 C = Inter-level travel time spent in this place.
 D = Time resting spent in this place.
 E = Time spent auto-exploring this place.
 F = Levels seen in this place.
 G = Mean time per level.
                   A        B        C        D        E       F      G
               +--------+--------+--------+--------+--------+-----+--------+
         Total |    368 |    368 |      0 |      0 |    230 |   1 |  368.0 |
       Dungeon |    368 |    368 |      0 |      0 |    230 |   1 |  368.0 |
               +--------+--------+--------+--------+--------+-----+--------+

Top non-repeatable levels by time:
     D:1: 368 daAuts
